 Dungeon Crawl Stone Soup version 0.26-a0-652-gafc20e3620 (webtiles) character file.

Game seed: 5225871429981191899

4295 strifetoe the Unseen (level 10, -4/53 HPs)
             Began as a Spriggan Brigand on Oct 2, 2020.
             Was an Initiate of Dithmenos.
             Slain by Harold
             ... wielding a +0 war axe
              (11 damage)
             ... on level 8 of the Dungeon.
             The game lasted 00:19:27 (10397 turns).

strifetoe the Unseen (Spriggan Brigand)            Turns: 10397, Time: 00:19:28

Health: -4/53      AC:  3    Str:  7    XL:     10   Next: 11%
Magic:  11/11      EV: 26    Int: 13    God:    Dithmenos [......]
Gold:   542        SH:  5    Dex: 21    Spells: 9/9 levels left

rFire    + . .     SeeInvis +   b - +6 flail (drain)
rCold    x . .     Faith    .   (shield restricted)
rNeg     + . .     Spirit   .   r - +0 robe
rPois    .         Reflect  +   (helmet restricted)
rElec    .         Harm     .   c - +0 cloak
rCorr    .         Rampage  .   (gloves unavailable)
MR       +....                  (boots unavailable)
Stlth    ++++++....             j - amulet of reflection
HPRegen  0.17/turn              B - ring of fire
MPRegen  0.12/turn              z - ring of positive energy (curse)

@: marked, very quick
A: very small, unfitting armour, see invisible, speed 3
a: Renounce Religion


You were on level 8 of the Dungeon.
You worshipped Dithmenos.
Dithmenos was noncommittal.
You visited 2 branches of the dungeon, and saw 9 of its levels.

You collected 542 gold pieces.

Inventory:

Hand Weapons
 a - a +3 dagger
 b - a +6 flail of draining (weapon)
 t - a +1 whip of electrocution
Missiles
 d - 57 poisoned darts (quivered)
 e - 2 curare-tipped darts
Armour
 c - a +0 cloak (worn)
 r - a +0 robe (worn)
Jewellery
 j - an amulet of reflection (around neck)
 z - a cursed ring of positive energy (right hand)
 B - a ring of fire (left hand)
Wands
 g - a wand of polymorph (17)
 h - a wand of enslavement (4)
 o - a wand of acid (1)
Scrolls
 f - 3 scrolls of immolation
 q - a scroll of fear {unknown}
 v - a scroll of magic mapping
 w - 3 scrolls of identify
 x - 3 scrolls of teleportation
 y - 2 scrolls of remove curse
Potions
 i - a potion of degeneration {unknown}
 k - a potion of flight
 l - 2 potions of haste {unknown}
 m - 3 potions of curing
 n - 3 potions of ambrosia
 p - a potion of might
 s - 3 potions of resistance
 u - a potion of magic
 A - 2 potions of brilliance {unknown}


   Skills:
 - Level 6.2 Fighting
 - Level 4.1 Short Blades
 - Level 2.0 Maces & Flails
 - Level 2.0 Throwing
 - Level 2.2 Armour
 + Level 8.9 Dodging
 - Level 15.2 Stealth


You had 9 spell levels left.
You didn't know any spells.
Your spell library contained the following spells:

 Spells                   Type           Power        Failure   Level
 Poisonous Vapours        Pois/Air       #.....       43%         2
 Conjure Flame            Conj/Fire      #.......     67%         3
 Mephitic Cloud           Conj/Pois/Air  #.......     67%         3
 Freezing Cloud           Conj/Ice/Air   #.........   100%        6


Dungeon Overview and Level Annotations

Branches:
Dungeon (8/15)             Temple (1/1) D:7            Lair (0/6) D:8

Altars:
Ashenzari
Cheibriados
Dithmenos
Elyvilon
Fedhas
Gozag
Hepliaklqana
Makhleb
Nemelex Xobeh
Qazlal
Ru
Sif Muna
Trog
Uskayaw
Vehumet
Wu Jian
Xom
Yredelemnul
Zin
The Shining One

Shops:
D:7 [

Annotations:
D:4 3 runed translucent doors, oldriver's ghost, amateur GrFi
D:8 Harold


Innate Abilities, Weirdness & Mutations

You are very small and have problems with some larger weapons.
You are too small for most types of armour.
You have supernaturally acute eyesight. (SInv)
You cover ground extremely quickly.


Message History

Aiming: Corrosive Bolt
Press: ? - help, Shift-Dir - straight line, f - Harold
Aim: Harold, wielding a +0 war axe, wearing a +1 chain mail of cold resistance and quivering 3 throwing nets (severely wounded, strong, lightly drained)
The bolt of acid hits Harold.
Harold is splashed with acid.
The acid corrodes Harold!
Harold is almost dead.
The bolt of acid hits the steam dragon!
The steam dragon is splashed with acid.
The acid corrodes the steam dragon!
You kill the steam dragon!
Dithmenos accepts your kill.
The steam dragon scales are intact enough to wear.
Harold throws a throwing net.
The throwing net misses you.
Harold says, "Ah, this is what I got into this business for!"
Harold hits you with a +0 war axe!
* * * LOW HITPOINT WARNING * * *
You hit Harold. You drain Harold.
Harold is almost dead.
Harold grumbles, "Just give up already, I want to go home!"
Harold hits you with a +0 war axe!
You die...

#...# #.#[# ###.# #...#
#.#.# .# ##...####.#.#
.'......^...# #
##...####.#.# # .#
....#...#...##.# #..
............... ..
###.#.#.###.######.##.#
#.#.#...(.....@@[...#
#.#.#####.######.####
#.#.# #.# # #.#.. ..#
#.### ##.. #.# #.#
###.# #.# ).#.# #.#
###.# #.#


You could see Harold (strong, corroded, drained).

Vanquished Creatures
  A two-headed ogre (D:8)
  Sigmund (D:4)
  A steam dragon (D:8)
  Edmund (D:4)
  2 sky beasts
  3 ice beasts
  2 orc warriors
  3 ogres
  A black bear (D:6)
  3 wolves (D:8)
  4 centaurs
  A necrophage (D:5)
  2 bullfrogs
  A scorpion (D:7)
  6 killer bees (D:7)
  3 wights (D:7)
  A quasit (D:8)
  A gnoll shaman (D:4)
  A bullfrog skeleton (D:5)
  3 hounds
  An orc priest (D:6)
  A centaur skeleton (D:4)
  8 orc wizards
  An iguana (D:4)
  6 worker ants
  A killer bee zombie (D:5)
  2 hound skeletons
  A worker ant zombie (D:7)
  10 adders
  9 gnolls
  A shadow imp (D:8)
  3 white imps
  3 ufetubi
  2 oozes
  An adder skeleton (D:5)
  2 worms
  4 dart slugs (D:1)
  5 leopard geckos
  20 orcs
  2 ball pythons
  6 giant cockroaches
  5 goblins
  3 hobgoblins
  6 jackals
  9 kobolds
  3 quokkas
  9 bats
  7 frilled lizards
  A jackal skeleton (D:4)
  2 quokka skeletons
  A quokka zombie (D:5)
  5 rats
181 creatures vanquished.

Notes
Turn   | Place    | Note
-------+----------+-------------------------------------------
     0 | D:1      | strifetoe the Spriggan Brigand began the quest for the Orb.
     0 | D:1      | Reached XP level 1. HP: 10/10 MP: 2/2
   269 | D:1      | Reached XP level 2. HP: 13/14 MP: 3/3
   692 | D:2      | Found a basalt altar of Yredelemnul.
   694 | D:2      | Found a glowing golden altar of the Shining One.
   695 | D:2      | Found a radiant altar of Vehumet.
   718 | D:2      | Reached XP level 3. HP: 18/18 MP: 4/4
   936 | D:2      | Reached skill level 6 in Stealth
  1620 | D:1      | Reached XP level 4. HP: 22/22 MP: 5/5
  1882 | D:1      | Reached skill level 7 in Stealth
  1983 | D:3      | Found an opulent altar of Gozag.
  2813 | D:4      | Reached skill level 8 in Stealth
  2813 | D:4      | Reached XP level 5. HP: 25/25 MP: 6/6
  2901 | D:4      | Noticed an orc warrior
  2904 | D:4      | Killed an orc warrior
  2904 | D:4      | Reached skill level 9 in Stealth
  2920 | D:4      | Reached XP level 6. HP: 28/30 MP: 7/7
  3169 | D:4      | Found a runed translucent gate.
  3170 | D:4      | Found a runed translucent gate.
  3170 | D:4      | Found a runed translucent gate.
  3177 | D:4      | Noticed oldriver's ghost (amateur GrFi)
  4013 | D:4      | Reached skill level 10 in Stealth
  4420 | D:4      | Noticed Edmund
  4427 | D:4      | Killed Edmund
  4427 | D:4      | Reached skill level 11 in Stealth
  4445 | D:4      | Reached XP level 7. HP: 33/33 MP: 8/8
  4494 | D:4      | Reached skill level 1 in Maces & Flails
  4667 | D:4      | Noticed Sigmund
  4672 | D:4      | Killed Sigmund
  4672 | D:4      | Reached skill level 12 in Stealth
  5292 | D:5      | Entered Level 5 of the Dungeon
  5391 | D:4      | Reached skill level 1 in Armour
  5617 | D:5      | Found a bloodstained altar of Trog.
  5775 | D:5      | Reached XP level 8. HP: 37/37 MP: 9/9
  5873 | D:5      | Reached skill level 5 in Dodging
  5873 | D:5      | Reached skill level 13 in Stealth
  6095 | D:5      | Noticed a +0 hand axe
  6096 | D:5      | Noticed a -1 hand axe
  6111 | D:5      | Found a hide-covered altar of Uskayaw.
  7000 | D:6      | Reached skill level 14 in Stealth
  7276 | D:6      | Reached XP level 9. HP: 38/39 MP: 10/10
  7494 | D:7      | Found Isesutt's Armour Shoppe.
  8219 | D:7      | Found a sparkling altar of Nemelex Xobeh.
  8222 | D:7      | Found a hazy altar of Hepliaklqana.
  8874 | D:7      | Found a staircase to the Ecumenical Temple.
  8885 | Temple   | Entered the Ecumenical Temple
  8949 | Temple   | Became a worshipper of Dithmenos the Shadowed
  8991 | D:7      | Found a stormy altar of Qazlal.
  8995 | D:7      | Found a snail-covered altar of Cheibriados.
  9568 | D:8      | Noticed a two-headed ogre
  9575 | D:8      | Killed a two-headed ogre
  9713 | D:8      | Reached skill level 15 in Stealth
  9888 | D:8      | Reached XP level 10. HP: 43/53 MP: 11/11
  9972 | D:8      | Found a staircase to the Lair.
 10167 | D:8      | Found a shimmering blue altar of Sif Muna.
 10296 | D:8      | Noticed Grum
 10299 | D:8      | Noticed Grum
 10299 | D:8      | Grum changed into Grum the sky beast
 10309 | D:8      | Killed Grum the sky beast
 10385 | D:8      | Noticed Harold
 10397 | D:8      | Slain by Harold

Illustrated notes

Levels and vault maps discovered:
D:1:      psy_arrival_dodecagon, layout_rooms
D:2:      layout_basic, grunt_temple_overflow_open, minmay_stone_trees_medium,
          item_on_display_a
D:3:      layout_basic, lemuel_doored_altar
D:4:      layout_loops_corners, gammafunk_ghost_split, uniq_edmund, uniq_sigmund
D:5:      layout_gridville, bloody_trog, dancing_weapons_uskayaw,
          kennysheep_generic_room_8
D:6:      layout_rooms, hangedman_decor_lopped
D:7:      layout_cave_pools, minitemple, minmay_temple_entry_poolview,
          serial_co_window_serial, co_window_paths_a, co_window_corner_a,
          co_window_paths_b, co_window_corner_a, co_window_cross_1,
          co_window_paths_a, co_window_unsneaky_path_b,
          co_window_unsneaky_path_d, co_window_paths_c, co_window_paths_e,
          glass_columns_b, glass_columns_a, glass_columns_c, glass_columns_c,
          glass_columns_a, serial_shops, shop
D:8:      layout_basic, lemuel_blue_sif_altar, lair_entry_dummy, uniq_grum,
          uniq_harold
Temple:   jpeg_temple_island

Skill      XL: |  1  2  3  4  5  6  7  8  9 |
---------------+----------------------------+-----
Short Blades   | 3 4 |  4.1
Stealth        | 6 8 9 11 12 14 15 | 15.2
Maces & Flails | 2 |  2.0
Dodging        | 3 8 |  8.9
Armour         | 1 2 |  2.2
Fighting       | 6 |  6.2
Throwing       | |  2.0

Action                   |  1- 3 |  4- 6 |  7- 9 | 10-12 || total
-------------------------+-------+-------+-------+-------++-------
Melee: Dagger            |   134 |   176 |   154 |     5 ||   469
       Flail             |       |       |   191 |    19 ||   210
       Whip              |       |       |     7 |       ||     7
Throw: Dart              |     3 |     9 |     9 |       ||    21
Evoke: Wand              |       |     4 |    13 |     2 ||    19
  Use: Potion            |     1 |     1 |     3 |       ||     5
       Scroll            |       |     6 |     6 |       ||    12
 Stab: Sleeping          |     3 |    13 |    22 |     1 ||    39
       Distracted        |       |       |     3 |       ||     3
Armor: Robe              |    32 |    12 |    16 |     2 ||    62
Dodge: Dodged            |   135 |   123 |   346 |    14 ||   618
Block: Other             |       |       |    80 |     2 ||    82
       Reflection        |       |       |     1 |       ||     1

Table legend: (Time is in decaauts)
 A = Elapsed time spent in this place.
 B = Non-inter-level travel time spent in this place.
 C = Inter-level travel time spent in this place.
 D = Time resting spent in this place.
 E = Time spent auto-exploring this place.
 F = Levels seen in this place.
 G = Mean time per level.
                   A        B        C        D        E       F      G
               +--------+--------+--------+--------+--------+-----+--------+
         Total |   8183 |   8070 |    113 |   2754 |   3600 |   9 |  909.2 |
       Dungeon |   8136 |   8030 |    106 |   2754 |   3569 |   8 | 1017.0 |
        Temple |     47 |     40 |      7 |      0 |     31 |   1 |   47.0 |
               +--------+--------+--------+--------+--------+-----+--------+

Top non-repeatable levels by time:
     D:4: 1737 daAuts
     D:5: 1142 daAuts
     D:3: 1082 daAuts
     D:7: 984 daAuts
     D:2: 957 daAuts
     D:6: 865 daAuts
     D:8: 817 daAuts
     D:1: 549 daAuts
  Temple: 47 daAuts
